 Dungeon Crawl Stone Soup version 0.32-a0-536-ge1f55a6 (webtiles) character file.

Game seed: 4064675116903995573

123064 LookintoAbyss the Metamorph (level 16, -6/149 HPs)
             Began as a Red Draconian Shapeshifter on Feb 28, 2024.
             Was the Champion of the Shining One.
             Killed from afar by a frost giant (30 damage)
             ... with a bolt of cold
             ... in an ice cave.
             The game lasted 01:06:11 (25191 turns).

LookintoAbyss the Metamorph (DrSh)                 Turns: 25191, Time: 01:06:12

Health: -6/149     AC: 15    Str: 25    XL:     16   Next: 36%
Magic:  11/23      EV: 12    Int: 15    God:    the Shining One [******]
Gold:   1348       SH: 10    Dex: 10    Spells: 7/15 levels left

rFire   + .          .
                       - Unarmed
rCold   . . .        (shield currently unavailable)
rNeg    + + +        (body armour unavailable)
rPois   +            l - +2 hat
rElec   .            J - +2 cloak
rCorr   .            T - melded +3 pair of gloves of Prudence {rN+ Stlth+}
SInv    .            B - +0 pair of boots
Will    ++...        H - amulet "Capponoo" {RegenMP Regen+ Int+4}
Stlth   +            c - ring of poison resistance
HPRegen 1.24/turn    F - ring of willpower
MPRegen 0.58/turn

%: no passive effects
@: divinely shielded, blade hands, hasted, glowing, studying Alchemy, very quick
A: combustion breath, AC +9, unfitting armour, fire resistance 1, cold-blooded
a: Combustion Breath, Begin Untransformation, Renounce Religion, Divine Shield,
Cleansing Flame, Summon Divine Warrior, Brand Weapon With Holy Wrath


You were in an ice cave.
You worshipped the Shining One.
The Shining One was exalted by your worship.
You had blades for hands.
You visited 5 branches of the dungeon, and saw 25 of its levels.
You also visited: Ossuary and Ice Cave.

You collected 2965 gold pieces.
You spent 1617 gold pieces at shops.

Inventory:

Missiles
 C - 2 curare-tipped darts
 K - 2 throwing nets
Armour
 l - a +2 hat (worn)
 B - a +0 pair of boots (worn)
 J - a +2 cloak (worn)
 S - a +0 hat of see invisible
 T - the +3 pair of gloves of Prudence (melded) {rN+ Stlth+}
   (You found it on level 12 of the Dungeon)

   rN+:       It protects you from negative energy.
   Stlth+:    It makes you more stealthy.
Jewellery
 c - a ring of poison resistance (left blade hand)
 F - a ring of willpower (right blade hand)
 G - a ring of willpower
 H - the amulet "Capponoo" (around neck) {RegenMP Regen+ Int+4}
   (You bought it in a shop on level 2 of the Orcish Mines)

   [amulet of magic regeneration]

   RegenMP:   It increases your rate of magic regeneration.
   Int+4:     It affects your intelligence (+4).
   Regen+:    It increases your rate of health regeneration.
Talismans
 p - a serpent talisman
 Q - a blade talisman (active)
Wands
 i - a wand of digging (2)
 n - a wand of mindburst (13)
 y - a wand of charming (25)
 I - a wand of roots (19)
 M - a wand of flame (14)
 Y - a wand of polymorph (9)
Scrolls
 d - 3 scrolls of blinking
 e - a scroll of fear
 f - 6 scrolls of immolation
 g - 5 scrolls of enchant weapon
 q - 6 scrolls of teleportation
 s - 7 scrolls of amnesia
 v - 5 scrolls of poison
 w - 2 scrolls of revelation
 A - 3 scrolls of butterflies {unknown}
 D - 2 scrolls of enchant armour {unknown}
 E - 2 scrolls of fog {unknown}
 N - a scroll of silence {unknown}
 U - 2 scrolls of torment {unknown}
Potions
 a - 2 potions of lignification
 b - a potion of enlightenment
 h - 9 potions of mutation
 j - a potion of cancellation
 k - 10 potions of curing
 m - a potion of brilliance
 o - 3 potions of resistance
 r - 3 potions of invisibility
 t - 2 potions of haste
 u - 5 potions of heal wounds
 x - 4 potions of attraction
 z - a potion of magic {unknown}
 P - 3 potions of might
Miscellaneous
 L - a lightning rod (4/4)
 R - a condenser vane (quivered)
 V - a phial of floods
 W - a sack of spiders
 Z - a phantom mirror


   Skills:
 - Level 15.0 Fighting
 - Level 1.7 Dodging
 + Level 10.0 Unarmed Combat
 * Level 8.9 Translocations
 - Level 10.0 Invocations
 - Level 20.0 Shapeshifting


You had 7 spell levels left.
You knew the following spells:

 Your Spells              Type           Power      Damage    Failure   Level
d - Lesser Beckoning      Tloc           52%        N/A       1%          2
f - Blink                 Tloc           52%        N/A       1%          2
z - Manifold Assault      Tloc           26%        N/A       7%          4

Your spell library contained the following spells:

 Spells                   Type           Power      Damage    Failure   Level
 Apportation              Tloc           52%        N/A       1%          1
 Teleport Other           Tloc           26%        N/A       1%          3
 Momentum Strike          Conj/Tloc      26%        3d8       7%          2
 Passage of Golubria      Tloc           26%        N/A       7%          4
 Magic Dart               Conj           0%         1d3       26%         1
 Necrotise                Necr           0%         1d4       26%         1
 Slow                     Hex            0%         N/A       26%         1
 Sting                    Conj/Alch      0%         1d3       26%         1
 Summon Small Mammal      Summ           0%         N/A       26%         1
 Ensorcelled Hibernation  Hex/Ice        0%         N/A       38%         2
 Mercury Vapours          Alch/Air       0%         N/A       38%         2
 Searing Ray              Conj           0%         2d4       38%         2
 Sublimation of Blood     Necr           0%         N/A       38%         2
 Confusing Touch          Hex            0%         N/A       63%         3
 Fugue of the Fallen      Necr           0%         N/A       63%         3
 Ozocubu's Armour         Ice            0%         N/A       63%         3
 Passwall                 Erth           0%         N/A       63%         3
 Sigil of Binding         Hex            0%         N/A       63%         3
 Summon Ice Beast         Ice/Summ       0%         N/A       63%         3
 Swiftness                Air            0%         N/A       63%         3
 Tukima's Dance           Hex            0%         N/A       63%         3
 Vampiric Draining        Necr           0%         2d6       63%         3
 Brom's Barrelling Bould  Conj/Erth      0%         2d3       95%         4
 Fulminant Prism          Conj/Alch      0%         3d5       95%         4
 Petrify                  Alch/Erth      0%         N/A       95%         4
 Freezing Cloud           Conj/Ice/Air   0%         6-21      100%        5
 Irradiate                Conj/Alch      0%         3d11      100%        5
 Silence                  Hex/Air        0%         N/A       100%        5
 Yara's Violent Unravell  Hex/Alch       0%         3d3       100%        5
 Plasma Beam              Fire/Air       0%         2x1d10    100%        6
 Lehudib's Crystal Spear  Conj/Erth      0%         10d2      100%        8


Dungeon Overview and Level Annotations

Branches:
Dungeon (15/15) Zot: 26130  Temple (1/1) D:4 Zot: 5973    Lair (5/5) D:10 Zot: 24024
  Swamp (0/4) Lair:2       Spider (2/4) Lair:2 Zot: 10235   Slime (0/5) Lair:5
    Orc (2/2) D:11 Zot: 8888     Elf (0/3) Orc:2        Vaults (0/5) D:13
 Depths (0/4) D:15        Ossuary (visited)           IceCv (1/1) Zot: 4778

Altars:
Ashenzari
Cheibriados
Dithmenos
Elyvilon
Fedhas
Gozag
Hepliaklqana
Kikubaaqudgha
Makhleb
Nemelex Xobeh
Okawaru
Qazlal
Ru
Sif Muna
Trog
Uskayaw
Vehumet
Wu Jian
Xom
Yredelemnul
Zin
The Shining One
Beogh
Jiyva

Shops:
D:7 [   D:15 :   Orc:2 =(*(


Innate Abilities, Weirdness & Mutations

You have blades for hands.
You are incapable of wielding weapons or throwing items.
You can breathe blasts of explosive embers.
Your fiery red scales are hard. (AC +9)
You cannot fit into any form of body armour.
Your flesh is heat resistant. (rF+)
You are cold-blooded and may be slowed by cold attacks.


Message History

Your daeva hits the ironbound frostheart with a +3 scimitar of holy wrath!!
Your daeva blocks the white ugly thing's attack.
Your daeva barely misses the ironbound frostheart.
Your daeva hits the ironbound frostheart with a +3 scimitar of holy wrath!
The ironbound frostheart calls freezing cold from the walls.
The frost grips you!!
You are encased in ice.
The frost grips your daeva!!
Your daeva blocks the white ugly thing's attack.
You take 18 HP, and have [115/149] HP Your daeva calls down the wrath of the Shining One upon the ironbound frostheart.
The ironbound frostheart is smitten.
Your daeva blocks the ironbound frostheart's attack.
The frost giant casts a spell at you.
The bolt of cold hits the white ugly thing!!
The white ugly thing resists.
The bolt of cold hits your daeva!! The bolt of cold hits you!!!
You take 48 HP, and have [67/149] HP !!!!!
HP Warning !!!!!
The white ugly thing tentacle-slaps your daeva.
The white ugly thing freezes your daeva!!
Your daeva dies!
Your daeva dissolves into sparkling lights!
You are momentarily dazzled by a brilliant light.
The ice encasing you melts away.
You lose 7MP, and have [10/23] MP You block the ironbound frostheart's attack.
You shred the ironbound frostheart!!!
You kill the ironbound frostheart!
Unknown command.
The frost giant gestures at you while chanting.
The bolt of cold hits your angel! The bolt of cold hits you!!!
* * * LOW HITPOINT WARNING * * *
The white ugly thing closely misses your angel.
The frost giant gestures at you while chanting.
The bolt of cold hits the rime drake!!
The rime drake resists.
The rime drake dies!
The bolt of cold hits the frost giant.
The frost giant resists.
The bolt of cold hits your angel!! The bolt of cold hits you!!
You die...

######## #####
##......#### ####u.C#
#....#.....####..AC#...#
..#######....#..@###
u.k.. ### ###....###
.C.. ###### ... C. # #
.## ... # #####..


You could see 2 frost giants, a white ugly thing and a friendly angel
(summoned).

Vanquished Creatures
  Gastronok (Lair:2)
  A frost giant (Orc:1)
  A ghost moth (Spider:1)
  A broodmother (Spider:1)
  A white draconian (IceCv)
  Snorg (D:11)
  An ettin (Orc:1)
  6 ice dragons (IceCv)
  Fannar (Lair:2)
  An entropy weaver (Spider:1)
  5 vault guards (D:13)
  3 hydras
  2 rakshasas (D:15)
  A radroach (Spider:1)
  4 centaur warriors
  Erica (D:11)
  4 boulder beetles
  5 ironbound frosthearts (IceCv)
  2 catoblepae
  9 death yaks
  A deep troll shaman (Lair:5)
  5 two-headed ogres
  A tengu warrior (D:13)
  Urug (D:12)
  6 demonic crawlers
  An occultist (D:15)
  5 orc high priests (Orc:2)
  Nergalle (D:10)
  3 skysharks
  2 fire crabs (Lair:4)
  Amaemon (D:11)
  2 spriggan druids (Lair:2)
  An orange crystal statue (IceCv)
  A deep elf archer (D:13)
  An arcanist (D:13)
  A necromancer (D:15)
  2 lindwurms
  10 ugly things
  5 deep elf pyromancers
  9 orc knights
  2 wolf spiders
  An orc sorcerer (D:13)
  A moth of wrath (Spider:1)
  A manticore (D:14)
  15 cyclopes
  Maurice (D:10)
  A meliai (Lair:2)
  A centaur zombie (D:15)
  A meliai (shapeshifter) (D:13)
  17 elephants
  3 black mambas
  4 gargoyles
  An orange demon (D:11)
  11 cane toads
  5 komodo dragons
  3 torpor snails (Spider:1)
  A yaktaur (D:13)
  An unseen horror (D:11)
  11 rime drakes
  3 freezing wraiths (D:14)
  A tengu conjurer (D:15)
  2 efreet
  Psyche (D:8)
  4 trolls
  3 red devils (Orc:2)
  A hornet (Lair:2)
  9 polar bears
  10 tarantellas
  19 blink frogs
  Sigmund (D:3)
  6 culicivoras
  3 wyverns
  4 jumping spiders
  5 wraiths
  29 yaks
  3 shadows
  4 slime creatures (D:12)
  A human (D:13)
  4 wargs
  7 basilisks
  3 steam dragons
  16 redbacks (Spider:1)
  14 water moccasins
  3 acid dragons
  39 orc warriors
  A black bear (Lair:5)
  A black bear (shapeshifter) (D:13)
  10 ogres
  An ice beast (D:5)
  12 wolves
  10 centaurs
  A phantom (D:6)
  5 kobold brigands
  10 bullfrogs
  4 scorpions
  2 gnoll sergeants
  10 wights
  A burial acolyte (D:11)
  10 killer bees
  5 bombardier beetles
  4 hounds
  3 jellies
  29 orc priests
  6 centaur skeletons
  A gnoll bouda (D:8)
  A sleepcap (D:5)
  Crazy Yiuf (D:7)
  5 iguanas
  Ijyb (D:4)
  A boggart zombie (D:15)
  Terence (D:3)
  17 orc wizards
  3 hell rats (D:10)
  A crocodile zombie (Ossuary)
  An ogre skeleton (Ossuary)
  11 mummies (Ossuary)
  10 gnolls
  9 adders
  A river rat (D:10)
  A shadow imp (D:8)
  A white imp (D:6)
  2 ufetubi (D:7)
  An adder zombie (D:11)
  A ribbon worm (D:2)
  2 dart slugs
  88 orcs
  3 ball pythons
  2 bats
  7 endoplasms
  A giant cockroach (D:4)
  6 goblins
  8 hobgoblins
  4 jackals
  4 quokkas
  4 frilled lizards
  2 gnoll skeletons (Ossuary)
  2 jackal zombies (D:11)
  31 kobolds
  A kobold skeleton (Ossuary)
  An orc skeleton (Ossuary)
  8 rats
  10 spectral rats (Ossuary)
765 creatures vanquished.

Vanquished Creatures (others)
  A cane toad (Lair:2)
  A rime drake (IceCv)
  A blink frog (Lair:4)
3 creatures vanquished.

Grand Total: 768 creatures vanquished

Notes
Turn   | Place    | Note
-------+----------+-------------------------------------------
     0 | D:1      | LookintoAbyss the Draconian Shapeshifter began the quest
                  | for the Orb.
     0 | D:1      | Reached XP level 1. HP: 16/16 MP: 1/1
   164 | D:1      | Reached XP level 2. HP: 24/24 MP: 2/2
   809 | D:2      | Identified the +1 robe "Syajin" {Int+3}
   912 | D:2      | Reached XP level 3. HP: 27/29 MP: 3/3
  1752 | D:2      | Reached XP level 4. HP: 28/37 MP: 4/4
  1849 | D:3      | Noticed Terence
  2097 | D:3      | Reached skill level 4 in Shapeshifting
  2224 | D:3      | Reached XP level 5. HP: 35/45 MP: 5/5
  2453 | D:3      | Noticed Sigmund
  2455 | D:3      | Killed Sigmund
  2456 | D:3      | Reached XP level 6. HP: 52/52 MP: 6/6
  2608 | D:3      | Killed Terence
  2609 | D:3      | Reached skill level 5 in Shapeshifting
  2648 | D:4      | Found a staircase to the Ecumenical Temple.
  2657 | Temple   | Entered the Ecumenical Temple
  2670 | Temple   | Became a worshipper of the Shining One
  2809 | D:4      | Found a sand-covered staircase.
  2814 | Ossuary  | Entered an ossuary
  2970 | Ossuary  | Reached * piety under the Shining One
  2971 | Ossuary  | Your scales start taking on a fiery red colour.
  2971 | Ossuary  | Reached XP level 7. HP: 52/58 MP: 7/7
  2971 | Ossuary  | Gained mutation: Your flesh is heat resistant. (rF+) [Red
                  | Draconian growth]
  3025 | Ossuary  | Reached skill level 6 in Shapeshifting
  3095 | Ossuary  | Reached ** piety under the Shining One
  3467 | D:4      | Found a shadowy altar of Dithmenos.
  3470 | D:4      | Found an opulent altar of Gozag.
  3489 | D:4      | Noticed Ijyb
  3536 | D:4      | Killed Ijyb
  3657 | D:4      | Reached *** piety under the Shining One
  3870 | D:5      | Entered Level 5 of the Dungeon
  3879 | D:5      | Reached skill level 7 in Shapeshifting
  4016 | D:5      | Reached skill level 8 in Shapeshifting
  4016 | D:5      | Reached XP level 8. HP: 43/66 MP: 8/8
  4328 | D:5      | Reached skill level 9 in Shapeshifting
  4897 | D:6      | Found an ornate altar of the Wu Jian Council.
  5035 | D:6      | Reached skill level 10 in Shapeshifting
  5262 | D:6      | Reached XP level 9. HP: 72/72 MP: 9/9
  5366 | D:6      | Reached skill level 5 in Fighting
  5505 | D:6      | Reached skill level 5 in Unarmed Combat
  5628 | D:6      | Reached **** piety under the Shining One
  5833 | D:7      | Found Yhosm's Antique Armour Emporium.
  6091 | D:7      | Found a glowing silver altar of Zin.
  6153 | D:7      | Got Ygea's Handbook of the Azure Brume
  6454 | D:7      | Found a runed translucent door.
  6455 | D:7      | Noticed Crazy Yiuf
  6507 | D:7      | Killed Crazy Yiuf
  6511 | D:7      | Identified the +4 hammer "Ceankeza" {elec, Will+ rCorr}
  6662 | D:8      | Noticed Psyche
  6669 | D:8      | Killed Psyche
  6725 | D:8      | Found an iron altar of Okawaru.
  6751 | D:8      | Identified the +6 hand axe of Anger {vamp, *Noise Int+6
                  | Dex+2}
  7227 | D:9      | Reached XP level 10. HP: 90/90 MP: 10/10
  7245 | D:9      | Noticed a gargoyle
  7288 | D:9      | Killed a gargoyle
  7305 | D:9      | Found a bloodstained altar of Trog.
  7378 | D:9      | Reached ***** piety under the Shining One
  7509 | D:9      | Found a stormy altar of Qazlal.
  7512 | D:9      | Found a hide-covered altar of Uskayaw.
  7582 | D:9      | Identified the +0 helmet of the Aged Singing Yaks {rElec
                  | rPois}
  8087 | D:10     | Entered Level 10 of the Dungeon
  8148 | D:10     | Noticed Maurice
  8149 | D:10     | Found a staircase to the Lair.
  8184 | D:10     | Killed Maurice
  8185 | D:10     | Reached skill level 10 in Fighting
  8185 | D:10     | Reached skill level 10 in Unarmed Combat
  8308 | D:10     | Reached skill level 1 in Invocations
  8565 | D:10     | Noticed a two-headed ogre
  8571 | D:10     | Killed a two-headed ogre
  8572 | D:10     | Reached XP level 11. HP: 99/99 MP: 11/13
  8593 | D:10     | Noticed Nergalle
  8601 | D:10     | Killed Nergalle
  8859 | Lair:1   | Entered Level 1 of the Lair of Beasts
  9063 | Lair:1   | Reached skill level 5 in Invocations
  9200 | Lair:1   | Noticed a boulder beetle
  9209 | Lair:1   | Killed a boulder beetle
  9470 | Lair:1   | Noticed a boulder beetle
  9479 | Lair:1   | Killed a boulder beetle
  9480 | Lair:1   | Reached skill level 11 in Shapeshifting
  9541 | Lair:2   | Noticed Gastronok
  9690 | Lair:2   | Noticed a catoblepas
  9718 | Lair:2   | Killed a catoblepas
  9721 | Lair:2   | Reached skill level 12 in Shapeshifting
  9736 | Lair:2   | Noticed a lindwurm
  9742 | Lair:2   | Killed a lindwurm
  9765 | Lair:2   | Noticed a skyshark
  9773 | Lair:2   | Killed a skyshark
 10058 | Lair:2   | Killed Gastronok
 10059 | Lair:2   | Reached skill level 13 in Shapeshifting
 10059 | Lair:2   | Reached XP level 12. HP: 106/106 MP: 13/16
 10259 | Lair:2   | Noticed Fannar
 10278 | Lair:2   | Killed Fannar
 10578 | Lair:2   | Identified the +0 dagger of Action {freeze, rF+ rC- Str+3}
 10613 | Lair:2   | Reached skill level 14 in Shapeshifting
 10656 | Lair:2   | Found a hole to the Spider Nest.
 10861 | Lair:2   | Found a staircase to the Swamp.
 11050 | Lair:3   | Noticed a death yak
 11073 | Lair:3   | Killed a death yak
 11450 | Lair:3   | Noticed a death yak
 11462 | Lair:3   | Noticed a death yak
 11471 | Lair:2   | Killed a death yak
 11745 | Lair:3   | Killed a death yak
 11746 | Lair:3   | Reached skill level 15 in Shapeshifting
 11903 | Lair:4   | Noticed a four-headed hydra
 11933 | Lair:4   | Killed a four-headed hydra
 12233 | Lair:4   | Reached XP level 13. HP: 113/113 MP: 17/17
 12271 | Lair:4   | Reached skill level 16 in Shapeshifting
 13060 | Lair:5   | Entered Level 5 of the Lair of Beasts
 13094 | Lair:5   | Reached skill level 17 in Shapeshifting
 13512 | Lair:5   | Found a staircase to the Slime Pits.
 13513 | Lair:5   | Found a viscous altar of Jiyva.
 13530 | Lair:5   | Identified the +7 chain mail of Rimmori {Str+3}
 13758 | Lair:5   | Reached skill level 18 in Shapeshifting
 13774 | Lair:5   | Reached ****** piety under the Shining One
 14159 | Lair:5   | Reached XP level 14. HP: 56/121 MP: 18/18
 14480 | Lair:5   | Identified the +9 mace "Taor" {flame, Will+}
 14828 | D:11     | Reached skill level 19 in Shapeshifting
 14950 | D:11     | Found a staircase to the Orcish Mines.
 14999 | D:11     | Noticed Amaemon
 15005 | D:11     | Killed Amaemon
 15065 | D:11     | Found an ancient bone altar of Kikubaaqudgha.
 15108 | D:11     | Noticed Snorg
 15121 | D:11     | Killed Snorg
 15319 | Orc:1    | Entered Level 1 of the Orcish Mines
 15319 | Orc:1    | Noticed Erica
 15488 | D:11     | Killed Erica
 16481 | Orc:1    | Found a roughly hewn altar of Beogh.
 16604 | Orc:1    | Reached skill level 20 in Shapeshifting
 16659 | Orc:1    | Noticed a frost giant
 16739 | Orc:1    | Killed a frost giant
 16770 | Orc:1    | Identified the +1 falchion "Dyhef" {flame, rPois rCorr MP-9
                  | Stlth+}
 16771 | Orc:1    | Identified the +0 dagger of Non Obstante Veredicto {heavy,
                  | rN+ rCorr Stlth+}
 16774 | Orc:1    | Identified the +2 broad axe "Hiosm" {flame, Will+ Str+6}
 16904 | Orc:2    | Entered Level 2 of the Orcish Mines
 16976 | Orc:2    | Found a staircase to the Elven Halls.
 18377 | Orc:2    | Reached XP level 15. HP: 129/134 MP: 19/19
 18503 | Orc:2    | Found Ebisaimm's Antique Weapon Boutique.
 18504 | Orc:2    | Found Gihits's Weapon Boutique.
 18504 | Orc:2    | Found Kytasuj's Assorted Antiques.
 18505 | Orc:2    | Found Zunaega's Jewellery Boutique.
 18512 | Orc:2    | Bought a throwing net for 51 gold pieces
 18514 | Orc:2    | Bought a scroll of enchant weapon for 285 gold pieces
 18514 | Orc:2    | Bought a shortbow for 114 gold pieces
 18514 | Orc:2    | Bought a scroll of teleportation for 114 gold pieces
 18514 | Orc:2    | Bought a potion of haste for 380 gold pieces
 18514 | Orc:2    | Bought a scroll labelled ZILAFR ZEREGGO for 38 gold pieces
 18528 | Orc:2    | Bought the amulet "Capponoo" {RegenMP Regen+ Int+4} for 635
                  | gold pieces
 18894 | D:12     | Learned a level 2 spell: Blink
 18897 | D:12     | Learned a level 2 spell: Lesser Beckoning
 18902 | D:12     | Learned a level 4 spell: Manifold Assault
 18955 | D:12     | Noticed Urug
 18971 | D:12     | Killed Urug
 19120 | D:12     | Identified the +3 pair of gloves of Prudence {rN+ Stlth+}
 19180 | D:12     | Got the Spellbook of the Compass and Conjuration
 20155 | D:13     | Found a gate to the Vaults.
 21027 | D:15     | Entered Level 15 of the Dungeon
 21040 | D:15     | Found Tunijel's Self-Published Books.
 21268 | D:15     | Reached skill level 15 in Fighting
 21289 | D:15     | Found a staircase to the Depths.
 21952 | Spider:1 | Entered Level 1 of the Spider Nest
 22533 | Spider:1 | Reached skill level 1 in Translocations
 22813 | Spider:1 | Reached skill level 10 in Invocations
 23379 | Spider:1 | Reached XP level 16. HP: 123/149 MP: 23/23
 23451 | Spider:1 | Reached skill level 5 in Translocations
 23785 | Spider:2 | Found a glacial archway.
 23971 | IceCv    | Entered an ice cave
 25191 | IceCv    | Killed from afar by a frost giant

Illustrated notes

Levels and vault maps discovered:
D:1:      dpeg_arrival_fog, layout_loops_ring
D:2:      layout_rooms, grunt_decor_arrowhead
D:3:      layout_basic, uniq_terence, uniq_sigmund
D:4:      layout_cave_pools, nicolae_overflow_squiral, temple_statues,
          nicolae_ossuary_entry_plus, uniq_ijyb
D:5:      layout_loops_ring, minmay_manual_monolith
D:6:      layout_loops_cross, lemuel_crystal_altar, minmay_misc_feat_ornament,
          kennysheep_small_circle
D:7:      layout_loops_ring, zin_academy, serial_shops, shop,
          nicolae_water_bricks, uniq_crazy_yiuf_cottage
D:8:      layout_rooms, okawaru_ov_weapons_minmay, minivault_10,
          nrook_loot_triangle, uniq_psyche
D:9:      layout_basic, mainiacjoe_overflow_cross_hatched,
          jmf_multi_god_temple2, dreamdust_mushroom_princess
D:10:     kennysheep_steamy, layout_long_grid, dpeg_lair_monsters, uniq_maurice,
          uniq_nergalle
D:11:     layout_roguey, david_orc_2, lemuel_zombie_altar_kikubaaqudgha,
          uniq_amaemon, uniq_snorg
D:12:     layout_loops_ring, uniq_urug
D:13:     layout_basic, grunt_vaults_entry_fortified
D:14:     layout_loops_ring
D:15:     grunt_enter_depths_magical_seal, layout_irregular_city,
          dreamdust_princess_bridge, hangedman_decor_points,
          nicolae_custom_books, skrybe_limestone_x, minivault_24
Temple:   nicolae_temple_ecumenical_triangle
Lair:1:   layout_chaotic_city, nzn_sisyphean_effort
Lair:2:   layout_long_grid, mainiacjoe_swamp_entry_angry_trees,
          hellmonk_spider_entry_not_the_bees, uniq_fannar, uniq_gastronok
Lair:3:   layout_long_grid
Lair:4:   nzn_winding_woodlands_cross [nzn_winding_woodlands_5x15_lazy_stream,
          nzn_winding_woodlands_5x15_garden,
          nzn_winding_woodlands_5x15_longhouse,
          nzn_winding_woodlands_5x15_default,
          nzn_winding_woodlands_15x15_killbox], layout_small_grid
Lair:5:   grunt_lair_end_beastmaster, layout_regular_city, slime_entry_1,
          serial_bayou_crossing
Spider:1: layout_chambers
Spider:2: layout_spider_delve, portal_ice_cave_entry_pillars_1
Orc:1:    giant_chief_lemuel, layout_caves, minmay_orc_temple_a, uniq_erica
Orc:2:    st_orc_pillars, layout_diamond_mine,
          einodemon_armed_red_devil_minivault
IceCv:    ice_cave_small_giant

Skill      XL: |  1  2  3  4  5  6  7  8  9 10 11 12 13 14 15 16 |
---------------+-------------------------------------------------+-----
Fighting       | 2 3 4 8 10 12 15 | 15.0
Shapeshifting  | 4 5 8 10 13 15 18 20 | 20.0
Unarmed Combat | 4 7 10 | 10.0
Invocations    | 3 6 10 | 10.0
Translocations | 4 8 |  8.9
Dodging        | |  1.7

Action                     |  1- 3 |  4- 6 |  7- 9 | 10-12 | 13-15 | 16-18 || total
---------------------------+-------+-------+-------+-------+-------+-------++-------
  Melee: Unarmed           |   113 |   112 |   379 |   378 |  1005 |   138 ||  2125
         Tailslap          |    12 |    17 |    55 |       |   137 |    35 ||   256
         Punch             |       |     3 |     2 |       |    64 |    13 ||    82
         Constrict         |       |       |    38 |    85 |    61 |       ||   184
 Invoke: Divine Shield     |       |       |       |     3 |     4 |     3 ||    10
         Summon Divine War |       |       |       |       |       |     2 ||     2
Ability: Combustion Breath |       |       |     2 |       |    11 |       ||    13
  Evoke: Wand              |       |     4 |     2 |     8 |    20 |     1 ||    35
         Phial of floods   |       |       |       |       |     1 |       ||     1
         Phantom mirror    |       |       |       |       |     1 |       ||     1
         Lightning rod     |       |       |       |       |     4 |       ||     4
         Sack of spiders   |       |       |       |       |     1 |       ||     1
    Use: Potion            |     1 |       |       |     1 |     3 |     8 ||    13
         Scroll            |       |     5 |     7 |     8 |    21 |     3 ||    44
   Stab: Sleeping          |     3 |       |       |       |       |       ||     3
 Armour: Skin              |    58 |    56 |   152 |   350 |   996 |   190 ||  1802
  Dodge: Dodged            |    56 |    72 |   198 |   139 |   505 |   112 ||  1082
         Repelled          |       |       |     2 |     4 |     3 |     3 ||    12
  Block: Other             |       |       |       |     8 |    12 |     5 ||    25
   Form: Flux              |       |       |     1 |       |       |       ||     1
         Serpent           |       |       |     2 |       |     2 |       ||     4
                           |       |       |     1 |       |     1 |       ||     2
         Blade             |       |       |       |       |     3 |       ||     3

Table legend: (Time is in decaauts)
 A = Elapsed time spent in this place.
 B = Non-inter-level travel time spent in this place.
 C = Inter-level travel time spent in this place.
 D = Time resting spent in this place.
 E = Time spent auto-exploring this place.
 F = Levels seen in this place.
 G = Mean time per level.
                   A        B        C        D        E       F      G
               +--------+--------+--------+--------+--------+-----+--------+
         Total |  24967 |  23314 |   1653 |   2228 |  14815 |  27 |  924.7 |
       Dungeon |  12258 |  11372 |    886 |    538 |   8297 |  15 |  817.2 |
        Temple |     26 |      2 |     24 |      0 |      0 |   1 |   26.0 |
          Lair |   5975 |   5533 |    442 |    183 |   3956 |   5 | 1195.0 |
   Spider Nest |   1764 |   1695 |     69 |    417 |    761 |   2 |  882.0 |
  Orcish Mines |   3111 |   2879 |    232 |    163 |   1516 |   2 | 1555.5 |
       Ossuary |    610 |    610 |      0 |    122 |    277 |   1 |  610.0 |
      Ice Cave |   1221 |   1221 |      0 |    803 |      8 |   1 | 1221.0 |
               +--------+--------+--------+--------+--------+-----+--------+

Top non-repeatable levels by time:
Spider:1: 1695 daAuts
  Lair:2: 1665 daAuts
   Orc:2: 1579 daAuts
   Orc:1: 1531 daAuts
  Lair:5: 1492 daAuts
  Lair:4: 1228 daAuts
   IceCv: 1221 daAuts
     D:1: 1124 daAuts
    D:13: 1009 daAuts
     D:6: 943 daAuts
     D:5: 938 daAuts
     D:9: 913 daAuts
    D:10: 888 daAuts
    D:11: 850 daAuts
     D:3: 802 daAuts
